 Dungeon Crawl Stone Soup version 0.18-a0-1643-gb89d9db (webtiles) character file.

308 nubinia the Stinger (level 6, -9/34 HPs)
             Began as a Tengu Venom Mage on Mar 28, 2016.
             Killed from afar by an orc wizard (11 damage)
             ... with a puff of flame
             ... on level 4 of the Dungeon.
             The game lasted 00:22:51 (4244 turns).

nubinia the Stinger (Tengu Venom Mage)              Turns: 4244, Time: 00:22:52

Health: -9/34      AC:  2    Str:  9    XL:     6   Next: 40%
Magic:  3/11       EV: 13    Int: 17    God:
Gold:   145        SH:  0    Dex: 14    Spells: 3 memorised, 4 levels left

rFire  . . .     SeeInvis .     a - +1 short sword (venom)
rCold  . . .     Gourm    .     i - +0 robe
rNeg   . . .     Faith    .     (no shield)
rPois  .         Spirit   .     (helmet restricted)
rElec  .         Dismiss  .     (no cloak)
rCorr  .         Reflect  .     (no gloves)
SustAt .         Harm     .     (boots unavailable)
MR     .....                    (no amulet)
Stlth  ++........               (no ring)
                                (no ring)

@: very slightly contaminated, not resistant to hostile enchantments, unstealthy
A: beak, talons 3, able to fly 1
a: Fly


You were on level 4 of the Dungeon.
You were hungry.

You visited 1 branch of the dungeon, and saw 4 of its levels.
You also visited: Sewer.

You collected 145 gold pieces.

Inventory:

Hand Weapons
 a - a +1 short sword of venom (weapon)
 b - a +3 hunting sling of velocity
 k - a +0 dagger
 m - a cursed -1 spear
Missiles
 j - 116 stones (quivered)
 w - 42 sling bullets
Armour
 i - a +0 robe (worn)
Scrolls
 o - 2 scrolls of remove curse
 r - 4 scrolls of teleportation
 v - 2 scrolls of amnesia
Potions
 e - 3 potions of curing
 f - 2 potions of brilliance
 g - 2 potions of flight
 h - a potion of invisibility {unknown}
 p - a potion of might {unknown}
 q - a potion of lignification
 s - a potion of agility
 x - a potion of resistance
 z - a potion of berserk rage
 A - a potion of mutation {unknown}
Books
 d - a Young Poisoner's Handbook

   Spells                             Type                      Level
   a - Sting                          Conjuration/Poison           1
   b - Cure Poison                    Poison                       2
   c - Mephitic Cloud                 Conjuration/Poison/Air       3
   d - Olgreb's Toxic Radiance        Poison                       4
   e - Venom Bolt                     Conjuration/Poison           5
Comestibles
 c - 3 bread rations
 l - 2 meat rations
 n - a royal jelly
 u - a slice of pizza


   Skills:
 + Level 1.1 Fighting
 + Level 1.0 Short Blades
 + Level 1.2 Slings
 + Level 3.1 Dodging
 + Level 2.6 Stealth
 + Level 0.7 Unarmed Combat
 + Level 2.7 Spellcasting
 + Level 2.5 Conjurations
 * Level 3.0 Air Magic
 + Level 4.9 Poison Magic


You had 4 spell levels left.
You knew the following spells:

 Your Spells              Type           Power        Failure   Level  Hunger
a - Sting                 Conj/Pois      ###.         4%          1    #......
b - Cure Poison           Pois           ###.......   3%          2    ##.....
c - Mephitic Cloud        Conj/Pois/Air  ##......     14%         3    ###....


Dungeon Overview and Level Annotations

Branches:
Dungeon (4/15)
 Temple: D:4-7

Altars:


Innate Abilities, Weirdness & Mutations

You have a beak for a mouth.
You have claws for feet.
You can fly.


Message History

* * * LOW HITPOINT WARNING * * *
The orc priest hits you with a dagger.
* * * LOW HITPOINT WARNING * * *
The orc priest looks braver for a moment.
The orc wizard casts a spell.
The orc wizard seems to speed up.
The orc priest looks more healthy.
The orc wizard mumbles some strange words.
The orc wizard flickers and vanishes!
Deactivating autopickup; reactivate with Ctrl-A.
The giant gecko bites you.
* * * LOW HITPOINT WARNING * * *
Casting: Mephitic Cloud
Confirm with . or Enter, or press ? or * to list all spells.
Okay, then.
The orc priest looks braver for a moment.
The orc seems less confused.
A puff of flame appears from out of thin air!
The puff of flame hits you!
You die...

........................# .....
#...............####....#####....
#...######......####....#........
'....#####.........#...##....$...
#..................#.............
#.)................#...........(.
......................o..........
...†.)........(.......o..........
...........###..@.ol..##.......##
...........# ###....{.##.......#
...#..)....# #......##.......#
...+.......# #....####.......#
####....÷..# #....# ###.....#
#.......# #....# #.....#
####'############# #.....# #.#
#...# #.....# #.#####.#.# #.....#


You could see an orc priest, 2 orcs and a giant gecko.

Vanquished Creatures
  A scorpion (D:4)
  An iguana (D:4)
  8 adders
  A river rat (D:3)
  2 oozes (Sewer)
  An adder skeleton (D:4)
  10 worms
  2 dart slugs
  3 giant geckos (Sewer)
  9 orcs
  6 giant cockroaches
  9 goblins
  7 hobgoblins
  6 jackals
  A quokka (D:2)
  8 ball pythons
  16 bats
  3 giant newts
  6 kobolds
  7 rats
107 creatures vanquished.

Notes
Turn   | Place    | Note
--------------------------------------------------------------
     0 | D:1      | nubinia the Tengu Venom Mage began the quest for the Orb.
     0 | D:1      | Reached XP level 1. HP: 10/10 MP: 4/4
   220 | D:1      | Reached XP level 2. HP: 15/15 MP: 0/6
   280 | D:1      | Learned a level 2 spell: Cure Poison
   749 | D:1      | Reached XP level 3. HP: 19/19 MP: 1/7
   754 | D:1      | Learned a level 3 spell: Mephitic Cloud
  1113 | D:2      | Reached skill level 1 in Air Magic
  1183 | D:2      | Reached skill level 1 in Conjurations
  1555 | D:2      | Reached XP level 4. HP: 22/24 MP: 8/8
  2586 | D:3      | Gained mutation: You can fly. [Tengu growth]
  2586 | D:3      | Reached XP level 5. HP: 25/28 MP: 2/9
  2664 | D:3      | Found a glowing drain.
  2788 | Sewer    | Entered a sewer
  3407 | Sewer    | Reached skill level 1 in Fighting
  3869 | D:4      | Reached skill level 1 in Slings
  3869 | D:4      | Reached XP level 6. HP: 30/34 MP: 6/11
  4128 | D:4      | Reached skill level 1 in Short Blades
  4244 | D:4      | Killed from afar by an orc wizard

Vault maps used:
D:1:      dpeg_arrival_brainrot
D:2:      forest_paths, minmay_liquid_box
D:3:      first_bread, portal_sewer_entry_e
Sewer:    sewer_fruit_machine

Skill      XL: |  1  2  3  4  5  6 |
---------------+-------------------+-----
Air Magic      | 1 2 3 |  3.0
Conjurations   | 1 2 |  2.5
Dodging        | 3 |  3.1
Fighting       | 1 |  1.1
Slings         | 1 |  1.2
Short Blades   | 1 |  1.0
Stealth        | |  2.6
Unarmed Combat | |  0.7
Spellcasting   | |  2.7
Poison Magic   | |  4.9

Action                   |  1- 3 |  4- 6 || total
-------------------------+-------+-------++-------
Melee: Unarmed           |    16 |       ||    16
       Short sword       |    30 |    95 ||   125
       Dagger            |     1 |       ||     1
 Fire: Hunting sling     |       |    38 ||    38
Throw: Stone             |       |     2 ||     2
 Cast: Sting             |    61 |    95 ||   156
       Cure Poison       |     1 |       ||     1
       Mephitic Cloud    |       |     6 ||     6
 Abil: Fly               |       |     8 ||     8
  Use: Potion            |     1 |     2 ||     3
       Scroll            |       |    11 ||    11
 Stab: Sleeping          |     2 |     4 ||     6
       Confused          |       |     2 ||     2
  Eat: Chunk             |     3 |    11 ||    14
